 Dungeon Crawl Stone Soup version 0.18.1-50-g88ac8fd (webtiles) character file.

19 DaminKnight the Grasshopper (level 2, -2/23 (24) HPs)
             Began as a Ghoul Warper on Sept 27, 2016.
             Slain by a hobgoblin
             ... wielding a +0 club
              (3 damage)
             ... on level 1 of the Dungeon.
             The game lasted 00:06:29 (703 turns).

DaminKnight the Grasshopper (Ghoul Warper)           Turns: 703, Time: 00:06:30

HP:   -2/23 (24)    AC:  3    Str: 14    XL:     2   Next: 75%
MP:   0/3           EV: 11    Int:  8    God:
Gold: 51            SH:  0    Dex:  8    Spells: 2 memorised, 1 level left

rFire  . . .     SeeInvis .       - Unarmed
rCold  + . .     Gourm    .     a - +0 leather armour
rNeg   + + +     Faith    .     (no shield)
rPois  ∞         Spirit   .     (no helmet)
rElec  .         Dismiss  .     (no cloak)
rCorr  .         Reflect  .     (no gloves)
SustAt .         Harm     .     (no boots)
MR     .....                    (no amulet)
Stlth  +.........               (no ring)
                                (no ring)

@: very slightly contaminated, rotting, not resistant to hostile enchantments,
very unstealthy
A: rotting body, claws 1, carnivore 3, cold resistance 1, negative energy
resistance 3, slow regeneration 1, torment resistance, unbreathing
a: no special abilities


You were on level 1 of the Dungeon.
You were not hungry.

You visited 1 branch of the dungeon, and saw 1 of its levels.

You collected 51 gold pieces.

Inventory:

Hand Weapons
 h - a +2 hand axe of freezing
Missiles
 d - 4 tomahawks of dispersal (quivered)
Armour
 a - a +0 leather armour (worn)
Scrolls
 c - a scroll of blinking
 k - a scroll of identify {unknown}
Potions
 e - a potion of mutation {unknown}
 i - a potion of degeneration {unknown}
 j - a potion of magic {unknown}
 l - a potion of curing {unknown}
 m - a potion of heal wounds {unknown}
Books
 b - a book of Spatial Translocations

   Spells                             Type                      Level
   a - Apportation                    Translocation                1
   b - Blink                          Translocation                2
   c - Shroud of Golubria             Charms/Translocation         2
   d - Portal Projectile              Translocation                3
   e - Teleport Other                 Translocation                3
   f - Passage of Golubria            Translocation                4
Comestibles
 f - a meat ration


   Skills:
 + Level 2.2 Fighting
 + Level 1.1 Throwing
 + Level 1.0 Armour
 + Level 2.0 Dodging
 + Level 2.4 Unarmed Combat
 + Level 1.9 Spellcasting
 + Level 2.9 Translocations


You had one spell level left.
You knew the following spells:

 Your Spells              Type           Power        Failure   Level  Hunger
a - Apportation           Tloc           #.........   17%         1    ##.....
b - Blink                 Tloc           N/A          24%         2    ###....


Dungeon Overview and Level Annotations

Branches:
Dungeon (1/15)

Altars:


Innate Abilities, Weirdness & Mutations

Your body is rotting away.
You thrive on raw meat.
You are immune to poison.
You have sharp fingernails.
You are carnivorous and can eat meat at any time.
Your flesh is cold resistant.
You are immune to negative energy.
You regenerate slowly when monsters are visible.
You are immune to unholy pain and torment.
You can survive without breathing.


Message History

A bat comes into view.
You scratch the hobgoblin but do no damage.
The hobgoblin hits you with a club.
* * * LOW HITPOINT WARNING * * *
Casting: Blink
Confirm with . or Enter, or press ? or * to list all spells.
You miscast Blink.
You are very lightly contaminated with residual magic.
Nothing appears to happen.
The hobgoblin closely misses you.
Eat a chunk of flesh? (ye/n/q/i?) This raw flesh tastes great!
The bat misses you. The hobgoblin hits you with a club.
* * * LOW HITPOINT WARNING * * *
You continue eating.
The bat hits you but does no damage.
The hobgoblin hits you but does no damage.
You continue eating.
You feel your flesh rotting away. The bat closely misses you.
The hobgoblin hits you with a club.
You die...

.. #.# #.# #.# . .. #.#
#.# #.# #.# #.# #.###
.... .. ## #.# #....
.#.#.#.#.# #.# #####
.........#####.#
#.#.#.#g#(#.##.# #
.....b.@.....#.#########
.#.#.#.#)...............
.......##...#.#########
#.#.#.#. ##.##.### #
g....... #......#
.#.#.#.. #......# .
..... #......######
#.#..# #...........##
...####.......≈##...


You could see a hobgoblin and a bat.

Vanquished Creatures
  2 giant geckos (D:1)
  4 goblins (D:1)
  4 hobgoblins (D:1)
  A bat (D:1)
  A giant newt (D:1)
  2 kobolds (D:1)
  A rat (D:1)
15 creatures vanquished.

Notes
Turn   | Place    | Note
--------------------------------------------------------------
     0 | D:1      | DaminKnight the Ghoul Warper began the quest for the Orb.
     0 | D:1      | Reached XP level 1. HP: 17/17 MP: 2/2
    64 | D:1      | Reached skill level 1 in Throwing
   159 | D:1      | Reached XP level 2. HP: 19/24 MP: 3/3
   548 | D:1      | Learned a level 2 spell: Blink
   695 | D:1      | Reached skill level 1 in Armour
   701 | D:1      | HP: 1/24 [hobgoblin/club (3)]
   703 | D:1      | Slain by a hobgoblin

Skill      XL: |  1  2 |
---------------+-------+-----
Throwing       | 1 |  1.1
Dodging        | 2 |  2.0
Armour         | 1 |  1.0
Fighting       | |  2.2
Unarmed Combat | |  2.4
Spellcasting   | |  1.9
Translocations | |  2.9

Action                   || total
-------------------------++-------
Melee: Unarmed           ||    50
Throw: Tomahawk          ||     1
 Cast: Apportation       ||     1
       Blink             ||     1
  Eat: Chunk             ||    11
Armor: Leather armour    ||    14
Dodge: Dodged            ||    36
